 Dungeon Crawl Stone Soup version 0.29-a0-620-g13ace881f2 (webtiles) character file.

Game seed: 1222960555655933439

1346 xian the Destroyer (level 8, -13/44 HPs)
             Began as a Tengu Conjurer on June 19, 2022.
             Mangled by Duvessa
             ... wielding a +0 short sword
              (15 damage)
             ... on level 6 of the Dungeon.
             The game lasted 00:15:42 (6102 turns).

xian the Destroyer (Tengu Conjurer)                 Turns: 6102, Time: 00:15:43

Health: -13/44     AC:  5    Str:  8    XL:     8   Next: 62%
Magic:  8/16       EV: 14    Int: 21    God:
Gold:   295        SH:  0    Dex: 12    Spells: 14/17 levels left

rFire   x . .      SeeInvis .   g - +3 dagger (venom)
rCold   + . .      Faith    .   (no shield)
rNeg    . . .      Spirit   .   n - +1 leather armour of Kocatwap {Harm Will- Regen+ Stlth+}
rPois   .          Reflect  .   (helmet restricted)
rElec   .          Harm     +   h - +0 cloak
rCorr   .          Rampage  .   (no gloves)
Will    .....                   (boots unavailable)
Stlth   +++.......              (no amulet)
HPRegen 0.94/turn               c - ring of ice
MPRegen 0.15/turn               (no ring)

@: flying quickly and evasively, quick
A: beak, talons 3, nimble flight
a: no special abilities


You were on level 6 of the Dungeon.
You visited 1 branch of the dungeon, and saw 6 of its levels.

You collected 295 gold pieces.

Inventory:

Hand Weapons
 f - a +0 vorpal mace
 g - a +3 dagger of venom (weapon)
Missiles
 p - 2 silver javelins
 t - 2 javelins
Armour
 h - a +0 cloak (worn)
 l - the +2 chain mail "Lin Use" {rC- Regen+ Str+3}
   (You found it on level 4 of the Dungeon)

   Str:       It affects your strength (+3).
   rC:        It makes you vulnerable to cold.
   Regen:     It increases your rate of health regeneration.
 n - the +1 leather armour of Kocatwap (worn) {Harm Will- Regen+ Stlth+}
   (You found it on level 6 of the Dungeon)

   Regen:     It increases your rate of health regeneration.
   Harm:      It increases damage dealt and taken.
   Will:      It decreases your willpower.
   Stlth:     It makes you more stealthy.
Jewellery
 c - a ring of ice (left hand)
Wands
 i - a wand of paralysis (8)
 s - a wand of polymorph (7)
Scrolls
 w - 2 scrolls of fear
Potions
 a - 3 potions of brilliance
 b - a potion of magic
 d - 2 potions of haste
 e - 2 potions of mutation
 j - a potion of resistance
 k - a potion of heal wounds
 m - a potion of curing
 o - a potion of cancellation {unknown}
 q - a potion of attraction
 r - a potion of lignification {unknown}
 v - a potion of degeneration {unknown}


   Skills:
 + Level 2.1 Fighting
 + Level 1.8 Short Blades
 + Level 4.2 Armour
 + Level 4.0 Dodging
 + Level 3.6 Stealth
 + Level 5.1 Spellcasting
 + Level 9.1 Conjurations


You had 14 spell levels left.
You knew the following spells:

 Your Spells              Type           Power      Damage    Failure   Level
a - Magic Dart            Conj           100%       1d8       1%          1
b - Searing Ray           Conj           86%        2d7       1%          2

Your spell library contained the following spells:

 Spells                   Type           Power      Damage    Failure   Level
 Dazzling Flash           Conj/Hex       48%        N/A       7%          3
 Stone Arrow              Conj/Erth      48%        3d10      7%          3
 Freeze                   Ice            32%        1d5       14%         1
 Sublimation of Blood     Necr           5%         N/A       22%         2
 Wereblood                Tmut           5%         N/A       22%         2
 Fulminant Prism          Conj/Hex       12%        3d9       22%         4
 Hailstorm                Conj/Ice       36%        3d9       22%         4
 Iskenderun's Mystic Bla  Conj/Tloc      24%        2d7       22%         4
 Frozen Ramparts          Ice            16%        1d3       41%         3
 Animate Armour           Summ/Erth      10%        N/A       82%         4
 Summon Hydra             Summ           2%         N/A       100%        7
 Lehudib's Crystal Spear  Conj/Erth      12%        10d4      100%        8


Dungeon Overview and Level Annotations

Branches:
Dungeon (6/15)
 Temple: D:4-7

Altars:
Ashenzari
Fedhas
Sif Muna

Annotations:
D:6 Duvessa


Innate Abilities, Weirdness & Mutations

You have a beak for a mouth.
You have claws for feet.
Your magical nature lets you fly swiftly and evasively.


Message History

Aim: Dowan, wielding a +1 dagger of venom, wearing a +0 robe and carrying a wand of flame (16) (75% to hit)
The searing ray hits Duvessa.
Duvessa is lightly wounded.
The searing ray hits Dowan.
Dowan is moderately wounded. (Press . to maintain the ray.)
The searing ray hits Duvessa!
Duvessa is moderately wounded.
The searing ray hits Dowan.
Dowan is heavily wounded.
The searing ray hits Duvessa!
Duvessa is severely wounded.
The searing ray hits Dowan!
You kill Dowan!
Duvessa weeps, and shakes her weapon.
Duvessa goes berserk!
Duvessa misses you.
Your Dodging skill increases to level 4!
The searing ray hits Duvessa but does no damage.
Duvessa is severely wounded.
You finish channelling your searing ray.
Duvessa hits you with a +0 short sword! x2
Casting: Searing Ray (safe; 1% risk of failure)
Confirm with . or Enter, or press ? or * to list all spells.
Aiming: Searing Ray (safe; 1% risk of failure)
Press: ? - help, Shift-Dir - straight line, f - Duvessa
Aim: Duvessa, wielding a +0 short sword and wearing a +0 chain mail (severely wounded, berserk, 89% to hit)
The searing ray hits Duvessa but does no damage.
Duvessa is severely wounded. (Press . to maintain the ray.) Duvessa completely misses you.
The searing ray hits Duvessa but does no damage.
Duvessa is severely wounded.
Duvessa hits you with a +0 short sword!
* * * LOW HITPOINT WARNING * * *
Duvessa hits you with a +0 short sword!
* * * LOW HITPOINT WARNING * * *
The searing ray hits Duvessa but does no damage.
Duvessa is severely wounded.
Duvessa hits you with a +0 short sword!
You die...

#.. .. ..#.. #..## .#
..... .....###.##.....
.............[..
..#.....?....... .
....#...#....... ..
#..#.........# ...
#...)e@..##.###...
#....###.###.....# ..#
.....##...#...##.## ..##
...............#..##...#
..............#........
###...........).........
................####....
.
#..#...........####....
#.##...............##.#
..


You could see Duvessa (berserk).

Vanquished Creatures
  Sigmund (D:4)
  A black bear (D:5)
  A phantom (D:5)
  A kobold brigand (D:6)
  2 scorpions (D:4)
  A necrophage (D:6)
  3 wights (D:6)
  Dowan (D:6)
  4 hounds
  Natasha (thrice) (D:3)
  3 iguanas
  An orc wizard (D:6)
  9 adders
  5 gnolls
  2 ufetubi (D:6)
  A worm (D:2)
  2 dart slugs
  13 orcs
  6 ball pythons
  5 endoplasms
  4 giant cockroaches
  6 goblins
  13 hobgoblins
  10 jackals (D:4)
  14 kobolds
  4 quokkas
  5 bats
  4 frilled lizards
  5 rats
130 creatures vanquished.

Notes
Turn   | Place    | Note
-------+----------+-------------------------------------------
     0 | D:1      | xian the Tengu Conjurer began the quest for the Orb.
     0 | D:1      | Reached XP level 1. HP: 10/10 MP: 4/4
   197 | D:1      | Reached XP level 2. HP: 15/15 MP: 4/6
   697 | D:1      | Reached skill level 6 in Conjurations
   749 | D:1      | Learned a level 2 spell: Searing Ray
   784 | D:1      | Reached XP level 3. HP: 19/19 MP: 3/7
   965 | D:2      | Found a faded altar of an unknown god.
  1316 | D:2      | Reached XP level 4. HP: 24/24 MP: 4/9
  1631 | D:2      | Reached skill level 7 in Conjurations
  1631 | D:2      | Gained mutation: Your magical nature lets you fly swiftly
                  | and evasively. [Tengu growth]
  1631 | D:2      | Reached XP level 5. HP: 9/28 MP: 2/10
  1999 | D:2      | You are sucked into a shaft and drop 1 floor!
  2416 | D:3      | Noticed Natasha
  2421 | D:3      | Killed Natasha
  2452 | D:3      | Noticed Natasha
  2459 | D:3      | Killed Natasha
  2640 | D:3      | Noticed Natasha
  2654 | D:3      | Killed Natasha
  2655 | D:3      | Reached skill level 1 in Armour
  2776 | D:3      | Reached XP level 6. HP: 32/32 MP: 7/11
  3402 | D:4      | Identified the +2 chain mail "Lin Use" {rC- Regen+ Str+3}
  3588 | D:4      | Found a blossoming altar of Fedhas.
  3786 | D:4      | Noticed Sigmund
  3793 | D:4      | Reached skill level 1 in Short Blades
  3882 | D:4      | Killed Sigmund
  3883 | D:4      | Reached skill level 1 in Fighting
  3883 | D:4      | Reached skill level 8 in Conjurations
  3883 | D:4      | Reached XP level 7. HP: 20/38 MP: 3/14
  4140 | D:5      | Entered Level 5 of the Dungeon
  4762 | D:5      | Found a shimmering blue altar of Sif Muna.
  4792 | D:5      | Reached XP level 8. HP: 34/43 MP: 9/15
  5294 | D:5      | Found a broken altar of Ashenzari.
  5956 | D:6      | Identified the +1 leather armour of Kocatwap {Harm Will-
                  | Regen+ Stlth+}
  5982 | D:6      | Reached skill level 5 in Spellcasting
  5982 | D:6      | Reached skill level 9 in Conjurations
  6093 | D:6      | Noticed Duvessa
  6094 | D:6      | Noticed Dowan
  6098 | D:6      | Killed Dowan
  6101 | D:6      | HP: 1/44 [Duvessa/+0 short sword (10)]
  6102 | D:6      | Mangled by Duvessa

Illustrated notes

Levels and vault maps discovered:
D:1:      onia_arrival_handbag, layout_basic
D:2:      layout_basic, dreamdust_ecumenical_altar_grove
D:3:      layout_loops_ring, hangedman_decor_diamond_cutter,
          minmay_starry_boxes, uniq_natasha
D:4:      layout_rooms, mainiacjoe_overflow_alcove_1, kennysheep_diamond,
          uniq_sigmund
D:5:      layout_basic, mainiacjoe_overflow_small_starburst,
          overflow_temple_1_default, chequers_garden
D:6:      layout_layer_cave, abandoned_shop, grunt_ministairs_2, uniq_duvessa

Skill      XL: |  1  2  3  4  5  6  7  8 |
---------------+-------------------------+-----
Conjurations   | 6 7 8 9 |  9.1
Spellcasting   | 3 4 5 |  5.1
Armour         | 1 2 3 4 |  4.2
Stealth        | 3 |  3.6
Short Blades   | 1 |  1.8
Fighting       | 1 2 |  2.1
Dodging        | 3 4 |  4.0

Action                   |  1- 3 |  4- 6 |  7- 9 || total
-------------------------+-------+-------+-------++-------
Melee: Dagger            |       |    36 |    16 ||    52
       Peck              |       |     3 |     1 ||     4
       Kick              |       |     6 |     4 ||    10
 Cast: Magic Dart        |    55 |    82 |    45 ||   182
       Searing Ray       |       |    11 |    14 ||    25
  Use: Scroll            |     2 |     9 |     7 ||    18
 Stab: Sleeping          |       |     1 |       ||     1
Armor: Robe              |     1 |       |       ||     1
       Leather armour    |       |     9 |    20 ||    29
       Chain mail        |       |     9 |       ||     9
Dodge: Dodged            |     3 |    51 |    84 ||   138

Table legend: (Time is in decaauts)
 A = Elapsed time spent in this place.
 B = Non-inter-level travel time spent in this place.
 C = Inter-level travel time spent in this place.
 D = Time resting spent in this place.
 E = Time spent auto-exploring this place.
 F = Levels seen in this place.
 G = Mean time per level.
                   A        B        C        D        E       F      G
               +--------+--------+--------+--------+--------+-----+--------+
         Total |   5876 |   5771 |    105 |    111 |   4569 |   6 |  979.3 |
       Dungeon |   5876 |   5771 |    105 |    111 |   4569 |   6 |  979.3 |
               +--------+--------+--------+--------+--------+-----+--------+

Top non-repeatable levels by time:
     D:5: 1326 daAuts
     D:3: 1154 daAuts
     D:2: 1015 daAuts
     D:1: 962 daAuts
     D:4: 870 daAuts
     D:6: 548 daAuts
